 Dungeon Crawl Stone Soup version 0.28.0-43-g3370ac3207 (webtiles) character file.

Game seed: 661948123501293228

74398 theElss the Warrior (level 15, -2/118 HPs)
             Began as a Gargoyle Berserker on Mar 12, 2022.
             Was an Elder of Trog.
             Killed from afar by a starcursed mass (7 damage)
             ... with an accursed screaming
             ... on level 3 of the Abyss.
             The game lasted 01:15:01 (26554 turns).

theElss the Warrior (Gargoyle Berserker)           Turns: 26554, Time: 01:15:02

Health: -2/118     AC: 32    Str: 26      XL:     15   Next: 46%
Magic:  7/15       EV: 13    Int:  5 (8)  God:    Trog [****..]
Gold:   1703       SH:  6    Dex: 11      Spells: 14/14 levels left

rFire   + . .      SeeInvis .   G - +1 flail (holy)
rCold   . . .      Faith    .   m - +0 kite shield
rNeg    + + .      Spirit   .   W - +5 ring mail of Context {+Inv rF+ rCorr Stlth+}
rPois   ∞          Reflect  .   c - +0 helmet
rElec   +          Harm     .   (no cloak)
rCorr   +          Rampage  ∞   H - +0 pair of gloves
Will    ++++.                   R - +3 pair of seven-league boots {Rampage+∞}
Stlth   ++........              y - amulet of Vitality {Regen+ HP+15}
HPRegen 2.09/turn               d - ring of positive energy
MPRegen 0.14/turn               L - ring of willpower

@: about to teleport, strong-willed, on berserk cooldown, flying, regenerating,
slowed, invisible, very slow
A: sickness immunity, AC +11, big wings, negative energy resistance 1,
electricity resistance, torment resistance 1, petrification resistance,
deterioration 1
a: Renounce Religion, Evoke Invisibility, Berserk, Trog's Hand, Brothers in Arms


You were on level 3 of the Abyss.
You worshipped Trog.
Trog was greatly pleased with you.
You visited 2 branches of the dungeon, and saw 19 of its levels.
You visited the Abyss 1 time.
You also visited: Gauntlet and Ice Cave.

You collected 1703 gold pieces.

Inventory:

Hand Weapons
 a - a +1 whip of electrocution
 b - a +1 whip of venom
 j - a +2 whip of freezing
 z - the +11 rapier of Racosien {vorpal, rPois rC+ Stlth+}
   (You found it on level 6 of the Lair of Beasts)

   It inflicts extra damage upon your enemies.
   rC:        It protects you from cold.
   rPois:     It protects you from poison.
   Stlth:     It makes you more stealthy.
 G - a +1 flail of holy wrath (weapon)
Missiles
 f - a throwing net (quivered)
Armour
 c - a +0 helmet (worn)
 m - a +0 kite shield (worn)
 H - a +0 pair of gloves (worn)
 Q - a +0 pair of boots
 R - the +3 pair of seven-league boots (worn) {Rampage+∞}
   (You found it in a Gauntlet)

   Its wearer moves as far as possible in that direction when moving towards
   enemies.
 W - the +5 ring mail of Context (worn) {+Inv rF+ rCorr Stlth+}
   (You found it on level 13 of the Dungeon)

   rF:        It protects you from fire.
   +Inv:      It lets you turn invisible.
   rCorr:     It protects you from acid and corrosion.
   Stlth:     It makes you more stealthy.
Jewellery
 d - a ring of positive energy (left hand)
 y - the amulet of Vitality (around neck) {Regen+ HP+15}
   (You found it on level 7 of the Dungeon)

   [amulet of regeneration]

   HP:        It affects your health (+15).
   Regen:     It increases your rate of health regeneration.
 L - a ring of willpower (right hand)
 N - a ring of fire
Wands
 q - a wand of flame (36)
 t - a wand of paralysis (14)
 C - a wand of acid (12)
 O - a wand of charming (14)
 T - a wand of mindburst (6)
 U - a wand of polymorph (3)
Scrolls
 e - 7 scrolls of teleportation
 h - 2 scrolls of silence {unknown}
 i - a scroll of fog {unknown}
 k - 5 scrolls of enchant weapon
 o - a scroll of fear {unknown}
 r - 2 scrolls of blinking {unknown}
 u - 4 scrolls of enchant armour {unknown}
 v - 2 scrolls of brand weapon {unknown}
 w - 2 scrolls of summoning {unknown}
 x - 5 scrolls of vulnerability {unknown}
 I - a scroll of holy word {unknown}
 J - a scroll of identify
 K - 4 scrolls of immolation {unknown}
 M - 3 scrolls of magic mapping {unknown}
Potions
 g - 4 potions of curing
 l - 4 potions of might
 n - 2 potions of degeneration
 p - 2 potions of brilliance
 s - 3 potions of magic
 A - a potion of flight {unknown}
 B - 5 potions of cancellation
 D - a potion of invisibility
 E - a potion of berserk rage {unknown}
 F - 3 potions of lignification {unknown}
 P - 2 potions of haste
Miscellaneous
 V - a tin of tremorstones (2/2)


   Skills:
 + Level 15.2 Fighting
 + Level 14.0 Maces & Flails
 + Level 15.0 Armour
 + Level 11.8 Dodging


You had 14 spell levels left.
You didn't know any spells.
Your spell library was empty.

Dungeon Overview and Level Annotations

Branches:
Dungeon (13/15)            Temple (0/1) D:6            Lair (6/6) D:11
 Shoals (0/4) Lair:3       Spider (0/4) Lair:4        Slime (0/5) Lair:6
    Orc (0/2) D:12          IceCv (visited)         Gauntlet (visited)
 Vaults: D:13-14

Altars:
Cheibriados
Elyvilon
Fedhas
Makhleb
Trog
Uskayaw
Zin

Shops:
D:5 [   D:12 *

Portals:
Trove: D:11 (give 2 scrolls of acquirement)

Annotations:
D:9 1 runed translucent door


Innate Abilities, Weirdness & Mutations

You are immune to sickness and miasma.
Your stone body is resilient. (AC +11)
You are immune to poison.
Your large and strong wings let you fly.
You resist negative energy. (rN+)
You are resistant to electric shocks. (rElec)
You are resistant to unholy torment.
You are immune to petrification.
Your body sometimes deteriorates upon taking damage.


Message History

The starcursed mass misses you. The starcursed mass barely misses you.
It was a potion of invisibility.
You fade into invisibility!
A tentacle flies out from the starspawn's body!
The chaos spawn barely misses you. The ancient zyme barely misses you. x2
You block the large abomination's attack.
The starcursed mass touches you.
* * * LOW HITPOINT WARNING * * *
The starcursed mass touches you.
* * * LOW HITPOINT WARNING * * *
A tentacle flies out from the starspawn's body!
The chaos spawn misses you.
The ancient zyme hits you but does no damage. x2
The large abomination barely misses you.
A starspawn tentacle comes into view.
As you read the scroll of teleportation, it crumbles to dust.
You feel strangely unstable.
You feel the power of the Abyss delaying your translocation!
The blink frog changes into a sky beast!
The starcursed mass touches you but does no damage.
A deafening chorus of shrieks assaults your mind!
* * * LOW HITPOINT WARNING * * *
Your body deteriorates!
You feel dopey.
You suddenly lose the ability to move!
The chaos spawn hits you but does no damage.
The ancient zyme hits you but does no damage.
The ancient zyme hits you.
* * * LOW HITPOINT WARNING * * *
The starcursed mass touches you but does no damage.
The starcursed mass touches you.
* * * LOW HITPOINT WARNING * * *
The starcursed mass touches you.
* * * LOW HITPOINT WARNING * * *
The large abomination hits you!
* * * LOW HITPOINT WARNING * * *
You can move again.
Your skin crawls.
You feel strong-willed.
A deafening chorus of shrieks assaults your mind!
You die...

#. ## ## # ## ## # ..
.# #.#. # .. # ### ...
# . . ##.## .#..#.#
#.# . # ...... .....#
#.## #..# .##...###...
#. #..# .
#.....X4#x######..#.
#..
.....XX@XXhsY....#..#.
......XxXh####. ##.#
.......X3v# .# .#. #
#.......#.# .# ## ## #
#.....v.... ..
#.X.......###### #
#..........
...........


You could see 7 starcursed masses, a tentacled starspawn, a spatial maelstrom, a
spatial vortex, an ancient zyme, a large abomination, 2 raiju, a neqoxec, a
chaos spawn, a redback shaped shifter, a sky beast shaped shifter and a small
abomination.

Vanquished Creatures
  An Executioner (Abyss:3)
  A deep elf demonologist (Abyss:3)
  A minotaur (Gauntlet)
  Snorg (D:11)
  A fire dragon (Lair:5)
  11 hydras
  3 boulder beetles
  2 vault guards (D:12)
  4 catoblepae
  A two-headed ogre (D:9)
  2 centaur warriors
  A death knight (D:12)
  10 death yaks
  A skeletal warrior (D:12)
  A death drake (Gauntlet)
  A phantasmal warrior (D:10)
  A wizard (D:12)
  2 deep elf pyromancers
  Pikel (D:9)
  A mana viper (Abyss:3)
  2 ugly things
  2 manticores (Lair:6)
  12 elephants (Lair:3)
  A merfolk siren (Lair:3)
  6 black mambas
  2 smoke demons
  2 gargoyles (D:12)
  3 kobold demonologists
  A yaktaur (D:13)
  7 cane toads
  A spectral redback (Gauntlet)
  2 freezing wraiths
  11 rime drakes
  An ice devil (Gauntlet)
  15 komodo dragons
  2 trolls (D:12)
  3 large abominations
  A hornet (D:7)
  10 slime creatures
  Prince Ribbit (D:6)
  18 dream sheep
  8 blink frogs
  55 yaks
  A shadow (D:9)
  A wraith (D:12)
  2 wyverns
  2 ynoxinuls
  13 humans (D:13)
  5 basilisks
  10 steam dragons (Lair:5)
  7 vampire mosquitoes
  3 acid dragons
  3 small abominations (Abyss:3)
  22 water moccasins
  An ice beast (D:8)
  A sky beast (D:6)
  A black bear (Lair:2)
  A hornet zombie (Gauntlet)
  6 orc warriors
  5 ogres
  4 wolves (Lair:1)
  6 centaurs
  4 lemures (D:9)
  5 kobold brigands
  A gnoll sergeant (D:12)
  15 bullfrogs
  A wyvern zombie (D:9)
  3 scorpions
  A water moccasin zombie (D:5)
  13 killer bees
  5 howler monkeys
  3 crimson imps (Gauntlet)
  3 centaur zombies
  A bullfrog skeleton (D:7)
  A gnoll shaman (D:8)
  3 orc priests
  13 jellies
  4 orc wizards
  A hound skeleton (D:5)
  A howler monkey zombie (D:5)
  9 adders
  7 gnolls
  A shadow imp (D:6)
  4 white imps (Gauntlet)
  2 ufetubi (D:6)
  An adder skeleton (D:4)
  2 dart slugs (D:2)
  40 orcs
  4 bats
  17 endoplasms
  3 giant cockroaches
  8 goblins
  6 hobgoblins
  3 jackals (D:5)
  4 quokkas
  5 ball pythons
  11 kobolds
  3 rats
515 creatures vanquished.

Vanquished Creatures (collateral kills)
  A death yak (Lair:4)
  A komodo dragon (Lair:5)
2 creatures vanquished.

Vanquished Creatures (others)
  20 demonic plants (Gauntlet)
  17 fungi
  32 plants
  4 starspawn tentacles (Abyss:3)
73 creatures vanquished.

Grand Total: 590 creatures vanquished

Notes
Turn   | Place    | Note
-------+----------+-------------------------------------------
     0 | D:1      | theElss the Gargoyle Berserker began the quest for the Orb.
     0 | D:1      | Reached XP level 1. HP: 14/14 MP: 1/1
   465 | D:1      | Reached XP level 2. HP: 19/19 MP: 2/2
   623 | D:1      | Found a faded altar of an unknown god.
  1241 | D:2      | Reached XP level 3. HP: 22/23 MP: 3/3
  2103 | D:3      | Found a hide-covered altar of Uskayaw.
  2144 | D:3      | Reached XP level 4. HP: 29/29 MP: 4/4
  2173 | D:3      | Identified the +1 leather armour "Ohoigrou" {rElec Str+3}
  2934 | D:4      | Reached XP level 5. HP: 33/33 MP: 5/5
  2934 | D:4      | Reached ** piety under Trog
  3175 | D:4      | Reached XP level 6. HP: 29/39 MP: 6/6
  3740 | D:5      | Entered Level 5 of the Dungeon
  3770 | D:5      | Found Cac Fehe's Antique Armour Shop.
  4231 | D:5      | Reached skill level 5 in Fighting
  4232 | D:5      | Reached XP level 7. HP: 44/44 MP: 7/7
  4752 | D:6      | Found a blossoming altar of Fedhas.
  4815 | D:6      | Reached skill level 5 in Maces & Flails
  5085 | D:6      | Noticed Prince Ribbit
  5112 | D:7      | Reached skill level 5 in Armour
  5234 | D:7      | Noticed a hornet
  5235 | D:7      | Reached XP level 8. HP: 51/51 MP: 8/8
  5260 | D:7      | Killed a hornet
  5545 | D:7      | Noticed a kobold demonologist
  5561 | D:7      | Noticed a red devil
  5563 | D:7      | Noticed a soul eater
  5573 | D:7      | Noticed a hellwing
  5573 | D:7      | Killed a kobold demonologist
  5967 | D:7      | Found the amulet of Vitality {Regen+ HP+15}
  6135 | D:8      | Found a snail-covered altar of Cheibriados.
  6247 | D:8      | Reached XP level 9. HP: 54/57 MP: 9/9
  6579 | D:8      | Reached skill level 5 in Dodging
  7043 | D:8      | Reached *** piety under Trog
  7097 | D:6      | Killed Prince Ribbit
  7112 | D:6      | Found a staircase to the Ecumenical Temple.
  8431 | D:6      | Reached XP level 10. HP: 64/64 MP: 10/10
  8888 | D:9      | Noticed a two-headed ogre
  8900 | D:9      | Killed a two-headed ogre
  9025 | D:9      | Found a flagged portal.
  9028 | D:9      | Noticed Pikel
  9144 | D:9      | Paralysed by Pikel for 6 turns
  9156 | D:9      | Killed Pikel
  9348 | D:9      | Found a bloodstained altar of Trog.
  9348 | D:9      | Found a white marble altar of Elyvilon.
  9602 | D:9      | Reached **** piety under Trog
  9869 | D:9      | Found a runed translucent door.
  9872 | D:9      | Found a burning altar of Makhleb.
  9872 | D:9      | Noticed a sixfirhy
 10416 | D:10     | Entered Level 10 of the Dungeon
 10423 | D:10     | Noticed a centaur warrior
 10437 | D:10     | Killed a centaur warrior
 10438 | D:10     | Reached XP level 11. HP: 48/72 MP: 11/11
 11135 | D:10     | Reached skill level 10 in Fighting
 11596 | D:10     | Found a glowing silver altar of Zin.
 12029 | D:11     | Reached skill level 10 in Armour
 12409 | D:11     | Found a staircase to the Lair.
 12553 | D:11     | Noticed a phantasmal warrior
 12554 | D:11     | Noticed a death knight
 12610 | D:10     | HP: 4/109 [phantasmal warrior[a death knight] (10)]
 12611 | D:10     | Killed a phantasmal warrior
 13204 | D:11     | Found a portal to a secret trove of treasure.
 13244 | D:11     | Noticed a boulder beetle
 13286 | D:11     | Killed a boulder beetle
 13669 | D:12     | Noticed Snorg
 13684 | D:11     | Killed Snorg
 13995 | D:12     | Noticed a seven-headed hydra
 14118 | D:11     | Reached skill level 10 in Maces & Flails
 14407 | D:12     | Gained mutation: Your body sometimes deteriorates upon
                  | taking damage. [a neqoxec]
 14411 | D:12     | Noticed a sixfirhy
 14631 | Lair:1   | Entered Level 1 of the Lair of Beasts
 14643 | Lair:1   | Reached XP level 12. HP: 60/80 MP: 12/12
 16166 | Lair:2   | Found a frozen archway.
 16223 | IceCv    | Entered an ice cave
 16328 | Lair:2   | Noticed a six-headed hydra
 16342 | Lair:2   | Killed a six-headed hydra
 16368 | Lair:2   | Noticed a six-headed hydra
 16676 | Lair:2   | Killed a six-headed hydra
 17200 | Lair:3   | Noticed an eight-headed hydra
 17215 | Lair:3   | Killed an eight-headed hydra
 17411 | Lair:3   | Reached XP level 13. HP: 86/86 MP: 13/13
 17880 | Lair:3   | Found a staircase to the Shoals.
 18741 | Lair:4   | Found a hole to the Spider Nest.
 19034 | Lair:4   | You fall into a shaft and drop 2 floors!
 19034 | Lair:6   | Entered Level 6 of the Lair of Beasts
 19296 | Lair:6   | Reached skill level 10 in Dodging
 20259 | Lair:5   | Gained mutation: Your large and strong wings let you fly.
                  | [Gargoyle growth]
 20259 | Lair:5   | Reached XP level 14. HP: 64/94 MP: 14/14
 21959 | Lair:6   | Identified the +11 rapier of Racosien {vorpal, rPois rC+
                  | Stlth+}
 22868 | Lair:6   | Found a staircase to the Slime Pits.
 24282 | D:12     | Reached XP level 15. HP: 82/101 MP: 15/15
 24453 | D:12     | Found a staircase to the Orcish Mines.
 24597 | D:12     | Found Lajasum's Elemental Accessories.
 24734 | D:12     | Identified the +0 pair of boots of Infinity {Harm rPois
                  | Will++ Str-2}
 25120 | D:13     | Found a gate leading to a gauntlet.
 25346 | D:13     | Reached skill level 15 in Fighting
 25350 | Gauntlet | Entered a Gauntlet
 25350 | Gauntlet | Found a transporter.
 25350 | Gauntlet | Found a transporter.
 25350 | Gauntlet | Found a transporter.
 25350 | Gauntlet | Found a runed translucent gate.
 25352 | Gauntlet | Found a runed translucent gate.
 25353 | Gauntlet | Found a runed translucent gate.
 25362 | Gauntlet | Found a transporter.
 25365 | Gauntlet | Found a transporter.
 25373 | Gauntlet | Found a transporter.
 25376 | Gauntlet | Found a transporter.
 25383 | Gauntlet | Found the +3 pair of seven-league boots {Rampage+∞}
 25395 | Gauntlet | Found a transporter.
 25404 | Gauntlet | Found a transporter.
 25425 | Gauntlet | Found a transporter.
 25426 | Gauntlet | Found a transporter.
 25437 | Gauntlet | Found a transporter.
 25756 | Gauntlet | Identified the +4 ring mail "Dinkicoa" {rF+}
 25858 | D:13     | Identified the +5 ring mail of Context {+Inv rF+ rCorr
                  | Stlth+}
 26097 | D:13     | Reached skill level 15 in Armour
 26115 | D:13     | Reached ***** piety under Trog
 26251 | D:12     | Cast into level 2 of the Abyss (a wizard)
 26312 | Abyss:2  | Noticed an Executioner
 26533 | Abyss:3  | Noticed an Executioner
 26540 | Abyss:3  | Killed an Executioner
 26545 | Abyss:3  | Paralysed by accursed screaming for 1 turns
 26550 | Abyss:3  | Noticed a tentacled starspawn
 26553 | Abyss:3  | Paralysed by accursed screaming for 1 turns
 26553 | Abyss:3  | HP: 1/118 [large abomination (9)]
 26554 | Abyss:3  | Killed from afar by a starcursed mass

Illustrated notes

Levels and vault maps discovered:
D:1:      dpeg_arrival_chambers_temple_mockup, layout_rooms,
          ebering_ecumenical_altar_mist
D:2:      layout_basic
D:3:      layout_loops_ring, eat_drink_and_be_merry_uskayaw,
          chequers_serial_rivers_micro_b
D:4:      layout_loops_cross
D:5:      layout_loops_cross, serial_shops, shop_fountains, enter_ossuary_5,
          hangedman_abyss_or_decor_lesser_grid
D:6:      lemuel_slime, layout_cave_pods, fedhas_ov_isle_minmay,
          minmay_temple_entry_drinking_statues, uniq_prince_ribbit1
D:7:      layout_cave_pools, fountainhead
D:8:      layout_rooms, mainiacjoe_overflow_alcove_4
D:9:      layout_basic, nzn_makhleb_speed_demon,
          gammafunk_temple_overflow_elements, enter_bailey_5, uniq_pikel
D:10:     layout_long_grid, nicolae_overflow_hidden_temple
D:11:     layout_basic, lair_entry_dummy, enter_trove_3
D:12:     layout_cave_pools, kennysheep_orc_monster_closet_entryway,
          nicolae_elemental_shop, uniq_snorg
D:13:     layout_rooms, grunt_vaults_entry_tiered, gauntlet_entry_generic
Lair:1:   layout_hall_layers, grunt_megastairs_3, infiniplex_staircase_pool
Lair:2:   layout_misc_corridors, portal_ice_cave_rime, lemuel_fruit_fields
Lair:3:   layout_long_grid, minmay_shoals_entry_lonely_mermaid,
          nicolae_lair_liquid_snakes
Lair:4:   layout_small_grid, spider_nest_entry_web_field
Lair:5:   layout_misc_corridors, bobbens_dragon_lair_wall, grunt_megastairs_2
Lair:6:   evilmike_catoblepas_cave, layout_layer_cave, dpeg_slime_entry_corner
Abyss:3:  base: D:7, base: D:15, minivault_28

Skill      XL: |  1  2  3  4  5  6  7  8  9 10 11 12 13 14 15 |
---------------+----------------------------------------------+-----
Dodging        | 2 3 4 5 7 8 9 10 11 | 11.8
Fighting       | 4 5 7 8 9 11 12 13 14 15 | 15.2
Armour         | 3 4 5 6 7 9 10 12 13 14 15 | 15.0
Maces & Flails | 4 5 6 7 8 10 11 12 13 14 | 14.0

Action                   |  1- 3 |  4- 6 |  7- 9 | 10-12 | 13-15 || total
-------------------------+-------+-------+-------+-------+-------++-------
Melee: Mace              |    21 |       |       |       |       ||    21
       Whip              |    91 |   106 |   386 |   923 |  2225 ||  3731
       Punch             |       |       |     5 |    22 |    44 ||    71
       Flail             |       |       |       |   160 |   299 ||   459
Invok: Berserk           |     1 |     3 |     7 |    16 |    21 ||    48
       Trog's Hand       |       |     1 |     3 |     3 |     5 ||    12
       Brothers in Arms  |       |       |       |       |     2 ||     2
Evoke: Wand              |       |       |     1 |       |       ||     1
  Use: Scroll            |       |     6 |     2 |     3 |     6 ||    17
       Potion            |       |       |       |     1 |     3 ||     4
 Stab: Distracted        |       |       |       |       |     2 ||     2
Armor: Ring mail         |    43 |    25 |       |       |   222 ||   290
       Chain mail        |       |    23 |   205 |    64 |       ||   292
       Plate armour      |       |       |       |   526 |  1037 ||  1563
Dodge: Dodged            |    75 |    35 |   150 |   384 |   828 ||  1472
Block: Kite shield       |       |       |       |       |    33 ||    33
